[Event "Levitov Chess Week Blitz 2019"]
[Site "Amsterdam"]
[Date "2019.08.03"]
[Round "4.2"]
[White "Svidler, Peter"]
[Black "Nepomniachtchi, Ian"]
[Result "0-1"]
[ECO "A20"]
[WhiteElo "2805"]
[BlackElo "2815"]
[Annotator "RC"]
[PlyCount "130"]
[EventDate "2019.08.04"]
[EventType "tourn"]
[EventCountry "NED"]
[SourceTitle "playchess.com"]
[Source "ChessBase"]
[SourceQuality "1"]
[TimeControl "180+2"]

1. c4 e5 2. g3 Nc6 3. Bg2 h5 4. h3 Bc5 5. Nc3 d6 6. d3 Nge7 7. Nf3 a6 8. a3 f6 9. b4 Ba7 10. e3 Be6 11. Bb2 Qd7 12. Qc2 d5 13. c5 Nd8 14. d4 e4 15. Nd2 Nf7 16. h4 Bg4 17. Nxd5 Nxd5 18. Qxe4+ Be6 19. Bh3 Nd8 20. Qg6+ Qf7 21. Qxf7+ Kxf7 22. Bxe6+ Nxe6 23. e4 Ne7 24. d5 Nf8 25. Nc4 b6 26. d6 bxc5 27. dxe7 Kxe7 28. O-O Ne6 29. Rfc1 cxb4 30. axb4 Rhd8 31. Kg2 Bd4 32. Bxd4 Rxd4 33. f3 Rb8 34. Na5 Kf7 35. Nc6 Rd2+ 36. Kf1 Rb6 37. Rc3 g5 38. hxg5 Nxg5 39. Rac1 Kg7 40. Ke1 Rg2 41. Nd4 Rg1+ 42. Kf2 Rxc1 43. Rxc1 Rxb4 44. Rxc7+ Kf8 45. Ke3 Ra4 46. Ra7 Ke8 47. Kd3 Ra3+ 48. Ke2 Ra2+ 49. Ke3 Ra4 50. Kd3 Nf7 51. f4 Nd6 52. Ra8+ Kd7 53. e5 fxe5 54. fxe5 Ra3+ 55. Kc2 Ne4 56. e6+ Kd6 57. Rd8+ Ke7 58. Rd7+ Kf6 59. Rf7+ Kg6 60. Rf4 Rc3+ 61. Kb2 Re3 62. Nf5 Re2+ 63. Ka3 Nxg3 64. Nxg3 Re3+ 65. Ka4 Rxg3 0-1